 Dungeon Crawl Stone Soup version 0.22.1-2-g9c5b331 (webtiles) character file.

261743 dvd the Eclecticist (level 19, -1/119 HPs)
             Began as a Demonspawn Fire Elementalist on Jan 2, 2019.
             Was the Champion of Vehumet.
             Slain by a Hell Sentinel (30 damage)
             ... on level 5 of the Abyss on Jan 4, 2019.
             The game lasted 04:16:15 (47345 turns).

dvd the Eclecticist (Demonspawn Fire Elementalist) Turns: 47345, Time: 04:16:15

Health: -1/119     AC: 18    Str: 24    XL:     19   Next: 20%
Magic:  29/39      EV: 15    Int: 30    God:    Vehumet [******]
Gold:   2292       SH:  8    Dex: 15    Spells: 2/50 levels left

rFire    + . .     SeeInvis .   t - +9 morningstar of Cobwebs {venom, *Drain +Blink Str+2}
rCold    + + .     Gourm    .   S - +3 buckler
rNeg     + + +     Faith    .   R - +1 ring mail of Limitation {rC+++ MR- Str+4 Int+3}
rPois    +         Spirit   .   (helmet unavailable)
rElec    +         Reflect  .   W - +2 cloak {+Inv}
rCorr    .         Harm     .   M - +2 pair of gloves {Str+3}
MR       +....                  P - +2 pair of boots
Stlth    +++.......             Z - amulet "Qigiquuq" {RegenMP *Contam rPois rN+++ Dex-4}
HPRegen  1.69/turn              V - ring of fire
MPRegen  0.51/turn              B - ring "Noneokhli" {MR+ Int+2 Dex+4}

@: mighty, brilliant, very slightly contaminated, regenerating, hasted, very
quick
A: horns 3, thin metallic scales 3, [deformed body], [dopey 1], frail 1, foul
stench 2, negative energy resistance 1, powered by death 2, regeneration 1,
[screaming 3], rot immunity
}: 2/15 runes: decaying, gossamer
a: Renounce Religion, Evoke Blink, Evoke Invisibility


You were on level 5 of the Abyss.
You worshipped Vehumet.
Vehumet was exalted by your worship.
You were hungry.

You visited 7 branches of the dungeon, and saw 35 of its levels.
You visited the Abyss 1 time.

You collected 3540 gold pieces.
You spent 1248 gold pieces at shops.

Inventory:

Hand Weapons
 r - the +8 long sword of Caarriuv {freeze, -Tele rF++ SInv Stlth+}
   (You took it off a deep elf annihilator on level 3 of the Elven Halls)

   It has been specially enchanted to freeze those struck by it, causing extra
   injury to most foes and up to half again as much damage against particularly
   susceptible opponents.
   It can also slow down cold-blooded creatures.
   It greatly protects you from fire.
   It lets you see invisible.
   It prevents most forms of teleportation.
   It makes you more stealthy.
 t - the +9 morningstar of Cobwebs (weapon) {venom, *Drain +Blink Str+2}
   (You bought it in a shop on level 2 of the Orcish Mines)

   It poisons the flesh of those it strikes.
   It affects your strength (+2).
   It lets you blink.
   It causes draining when unequipped.
Armour
 M - a +2 pair of gloves of strength (worn)
 P - a +2 pair of boots (worn)
 R - the +1 ring mail of Limitation (worn) {rC+++ MR- Str+4 Int+3}
   (You found it on level 6 of the Lair of Beasts)

   It affects your strength (+4).
   It affects your intelligence (+3).
   It renders you almost immune to cold.
   It affects your resistance to hostile enchantments.
 S - a +3 buckler (worn)
 W - a +2 cloak of invisibility (worn)
Magical Staves
 N - an uncursed staff of poison
Jewellery
 a - the ring "Posuirae" {rElec rF+ rN+ Dex-4}
   (You took it off a deep elf annihilator on level 3 of the Elven Halls)

   [ring of protection from fire]

   It affects your dexterity (-4).
   It protects you from fire.
   It insulates you from electricity.
   It protects you from negative energy.
 k - a +3 ring of slaying
 l - an uncursed ring of wizardry
 y - an uncursed ring of magical power
 A - an uncursed ring of see invisible
 B - the ring "Noneokhli" (right hand) {MR+ Int+2 Dex+4}
   (You bought it in a shop on level 2 of the Orcish Mines)

   [ring of protection from magic]

   It affects your intelligence (+2).
   It affects your dexterity (+4).
   It affects your resistance to hostile enchantments.
 I - an uncursed ring of resist corrosion
 T - a +4 ring of intelligence
 V - a ring of fire (left hand)
 Y - a +3 amulet of reflection
 Z - the amulet "Qigiquuq" (around neck) {RegenMP *Contam rPois rN+++ Dex-4}
   (You took it off a deep elf annihilator on level 3 of the Elven Halls)

   [amulet of magic regeneration]

   It increases your magic regeneration.
   It affects your dexterity (-4).
   It protects you from poison.
   It renders you almost immune to negative energy.
   It causes magical contamination when unequipped.
Wands
 h - a wand of paralysis (69)
 q - a wand of iceblast (53)
 x - a wand of acid (35)
 z - a wand of random effects (76)
 J - a wand of flame (56)
 L - a wand of disintegration (11)
 X - a wand of polymorph (59)
Scrolls
 b - 11 scrolls of identify
 e - 4 scrolls of enchant weapon
 f - 2 scrolls of fear
 g - 5 scrolls of teleportation
 m - 16 scrolls of remove curse
 n - a scroll of enchant armour
 o - a scroll of blinking
 C - 3 scrolls of magic mapping
 F - 4 scrolls of fog
 Q - 6 scrolls of amnesia
Potions
 d - 2 potions of heal wounds
 i - 3 potions of brilliance
 j - a potion of flight
 p - 3 potions of resistance
 s - 5 potions of ambrosia
 v - 3 potions of agility
 w - 2 potions of mutation
 D - 2 potions of magic
 H - 3 potions of curing
 O - a potion of haste
Miscellaneous
 U - a crystal ball of energy
Comestibles
 c - 38 rations
 u - 4 chunks of flesh


   Skills:
 + Level 7.5 Fighting
   Level 0.1 Short Blades
 + Level 10.6(10.9) Maces & Flails
 + Level 3.6(7.8) Staves
 - Level 0.6 Throwing
 + Level 5.9 Armour
 + Level 6.7 Dodging
 + Level 6.5 Stealth
 - Level 4.0 Shields
 + Level 16.4 Spellcasting
 + Level 11.4 Conjurations
 + Level 2.4 Hexes
 * Level 3.2 Charms
 + Level 2.7 Necromancy
 + Level 6.2 Transmutations
 * Level 13.6 Fire Magic
 * Level 4.1 Air Magic
 + Level 12.2 Poison Magic
 + Level 5.0 Evocations


You had 2 spell levels left.
You knew the following spells:

 Your Spells              Type           Power        Failure   Level  Hunger
a - Flame Tongue          Conj/Fire      #####        0%          1    None
b - Regeneration          Chrm/Necr      ######....   1%          3    None
c - Sticky Flame          Conj/Fire      ########     1%          4    None
d - Fireball              Conj/Fire      ########..   1%          5    None
e - Ignite Poison         Fire/Tmut/Pois ########     1%          3    None
f - Dazzling Spray        Conj/Hex       ######       1%          3    None
g - Olgreb's Toxic Radia  Pois           #######.     1%          4    None
h - Ignition              Fire           ########..   8%          8    ######.
i - Bolt of Fire          Conj/Fire      ########..   1%          6    ##.....
j - Lightning Bolt        Conj/Air       ######....   1%          5    None
k - Deflect Missiles      Chrm/Air       ######....   10%         6    ##.....

Your spell library contained the following spells:

 Spells                   Type           Power        Failure   Level  Hunger
 Chain Lightning          Conj/Air       ######....   52%         8    ######.
 Fire Storm               Conj/Fire      ########..   75%         9    #######
 Glaciate                 Conj/Ice       ######....   100%        9    #######
 Sting                    Conj/Pois      ####         0%          1    None
 Throw Flame              Conj/Fire      ######       0%          2    None
 Animate Skeleton         Necr           N/A          1%          1    None
 Confusing Touch          Hex            ######       1%          1    None
 Corona                   Hex            ######.      1%          1    None
 Pain                     Necr           ####         1%          1    None
 Summon Small Mammal      Summ           ####         1%          1    None
 Call Imp                 Summ           #####...     1%          2    None
 Poisonous Vapours        Pois/Air       ######       1%          2    None
 Slow                     Hex            ######..     1%          2    None
 Call Canine Familiar     Summ           #####...     1%          3    None
 Confuse                  Hex            ######..     1%          3    None
 Conjure Flame            Conj/Fire      ########     1%          3    None
 Gell's Gravitas          Tloc           #####.....   1%          3    None
 Inner Flame              Hex/Fire       #######.     1%          3    None
 Mephitic Cloud           Conj/Pois/Air  #######.     1%          3    None
 Portal Projectile        Hex/Tloc       #####.       1%          3    None
 Recall                   Summ/Tloc      N/A          1%          3    None
 Static Discharge         Conj/Air       ######..     1%          3    None
 Summon Guardian Golem    Hex/Summ       #####...     1%          3    None
 Vampiric Draining        Necr           ######....   1%          3    None
 Animate Dead             Necr           N/A          1%          4    None
 Cause Fear               Hex            ######....   1%          4    None
 Leda's Liquefaction      Hex/Erth       #####.....   1%          4    None
 Petrify                  Tmut/Erth      ######..     1%          4    None
 Summon Lightning Spire   Summ/Air       ######..     1%          4    None
 Venom Bolt               Conj/Pois      #######...   1%          5    None
 Yara's Violent Unravell  Hex/Tmut       ######....   1%          5    None
 Silence                  Hex/Air        ######....   2%          5    None
 Conjure Ball Lightning   Conj/Air       ######....   2%          6    ##.....
 Summon Ice Beast         Ice/Summ       #####...     3%          4    None
 Borgnjor's Vile Clutch   Necr/Erth      ######....   4%          5    None
 Metabolic Englaciation   Hex/Ice        #####.....   5%          5    None
 Summon Mana Viper        Hex/Summ       #####...     5%          5    None
 Freezing Cloud           Conj/Ice/Air   ######....   5%          6    ##.....
 Ring of Flames           Chrm/Fire      #######...   8%          7    #####..
 Summon Demon             Summ           #####.....   9%          5    None
 Death Channel            Necr           ######....   14%         6    ##.....
 Simulacrum               Ice/Necr       ######....   24%         6    ##.....
 Discord                  Hex            ######....   99%         8    ######.
 Shatter                  Erth           #####.....   100%        9    #######
 Tornado                  Air            ######....   100%        9    #######


Dungeon Overview and Level Annotations

Branches:
Dungeon (15/15)            Temple (1/1) D:7            Lair (6/6) D:10
  Swamp (4/4) Lair:2       Spider (4/4) Lair:3        Slime (0/5) Lair:6
    Orc (2/2) D:10            Elf (3/3) Orc:2        Vaults (0/5) D:14
 Depths (0/5) D:15

Altars:
Ashenzari
Cheibriados
Dithmenos
Elyvilon
Fedhas
Gozag
Hepliaklqana
Kikubaaqudgha
Makhleb
Nemelex Xobeh
Okawaru
Qazlal
Ru
Sif Muna
Trog
Uskayaw
Vehumet
Wu Jian
Xom
Yredelemnul
Zin
The Shining One
Beogh

Shops:
D:4 (   D:11 }   D:12 ?   Orc:2 ([=[   Elf:1 %

Annotations:
Elf:1 1 runed door, Baril's ghost, journeyman GrEE
Elf:2 3 runed doors


Innate Abilities, Weirdness & Mutations

You have a pair of large horns on your head.
You are completely covered in thin metallic scales. (AC +4, rElec)
You frequently emit foul miasma when damaged in melee.
You resist negative energy. (rN+)
You regenerate health from kills.
You are immune to rotting.
You are frail. (-10% HP)
Your natural rate of healing is unusually fast.
[Armour fits poorly on your strangely shaped body.]
[You are dopey. (Int -2)]
[You frequently scream uncontrollably at your foes.]


Message History

Confirm with . or Enter, or press ? or * to list all spells.
You feel a surge of power!
The air bursts into flame!
The fireball engulfs the worldbinder.
The worldbinder is heavily damaged.
The fireball engulfs the Hell Sentinel.
The Hell Sentinel completely resists.
The Hell Sentinel is moderately wounded.
The fireball engulfs the fire elemental.
The fire elemental completely resists.
The fireball engulfs the blink frog.
The blink frog is moderately wounded.
The fireball engulfs the fire elemental.
The fire elemental completely resists.
The fireball engulfs the Hell Sentinel.
The Hell Sentinel completely resists.
The Hell Sentinel is moderately wounded.
The worldbinder hits you but does no damage.
The worldbinder misses you. The fire elemental hits you.
The fire elemental burns you! You resist.
* * * LOW HITPOINT WARNING * * *
The blink frog is engulfed in blazing flames.
The Hell Sentinel hits you!!
You die...

..#≈....... ...
.≈F. ........#
_≈#..F. ...! ##
.F .......#...
#x...........
####.§§§§F§F§...
.≈...§§§E§.....
#≈≈.#§x@1#§1.#
#...§§§§§.≈#
#.._§§§§§≈≈#
##.. ...≈≈## # .
#....≈##≈≈## ##
#.....##.## . .
##. ##.#.. . . #
#.. # ..#. ..#
.#.# ## .# #.


You could see a Hell Sentinel, a worldbinder, 2 blink frogs and a fire
elemental.

Vanquished Creatures
  Nikola (Spider:4)
  A bone dragon (Abyss:4)
  Rupert (D:10)
  2 deep elf master archers (Elf:3)
  2 deep elf blademasters (Elf:3)
  A thorn hunter (Swamp:1)
  Kirke (Lair:4)
  A revenant (Abyss:4)
  4 deep elf sorcerers
  A fire giant (D:12)
  2 ghost moths
  An orc warlord (Orc:2)
  4 emperor scorpions
  3 deep elf elementalists (Elf:3)
  A very ugly thing (Swamp:1)
  2 entropy weavers (Spider:4)
  2 deep elf demonologists (Elf:3)
  12 deep elf annihilators
  3 spark wasps (Spider:4)
  5 deep elf death magi
  Snorg (Lair:6)
  A fire dragon (D:14)
  An ettin (Orc:1)
  6 deep elf high priests
  Josephine (D:13)
  A great orb of eyes (Abyss:4)
  21 hydras
  The ghost of Oddysee the Victor of a Thousand Battles, a journeyman DsFi of Okawaru (D:11)
  2 peacekeepers (Elf:2)
  2 centaur warriors
  The ghost of buskinjo the Carver, a journeyman OpGl of Gozag (D:10)
  2 catoblepae
  7 two-headed ogres
  18 dancing weapons
  9 alligators
  A deep troll shaman (Lair:6)
  A tengu warrior (D:15)
  6 death yaks (Lair:6)
  An orc high priest (Elf:3)
  A queen ant (Lair:3)
  2 spriggans
  5 thrashing horrors
  A deep elf knight (Elf:1)
  3 wretched stars
  3 skeletal warriors (D:13)
  A spatial maelstrom (Abyss:4)
  A shadow wraith (Abyss:4)
  A spriggan druid (Swamp:4)
  A deep troll (D:14)
  5 unseen horrors
  10 swamp dragons
  Pikel (D:7)
  A phantasmal warrior (D:14)
  5 deep elf archers
  A shambling mangrove (Swamp:4)
  5 orc knights
  44 deep elf magi
  2 necromancers
  2 orc sorcerers
  3 oklob plants
  20 wolf spiders
  A cyclops (D:13)
  18 orb spiders
  8 manticores
  A manticore (shapeshifter) (D:15)
  3 moths of wrath
  A mana viper (Abyss:4)
  13 elephants
  15 ugly things
  An elephant (shapeshifter) (D:13)
  A black mamba (Lair:6)
  3 naga magi
  17 spiny frogs
  Joseph (D:7)
  An orange demon (Abyss:4)
  5 torpor snails
  A smoke demon (Abyss:4)
  2 gargoyles
  11 komodo dragons
  2 rime drakes
  17 demonic crawlers
  3 ancient zymes (Abyss:4)
  A hellwing (Abyss:3)
  2 large abominations
  A queen bee (shapeshifter) (Elf:2)
  9 tyrant leeches
  A merfolk (D:10)
  4 polar bears
  6 trolls
  21 jumping spiders
  8 blink frogs
  3 bog bodies
  A dream sheep (Abyss:4)
  19 hornets
  10 hippogriffs
  14 slime creatures
  4 raiju (Abyss:4)
  A centaur simulacrum (D:15)
  A water elemental (Elf:2)
  67 redbacks
  6 air elementals
  4 shadows
  2 basilisks
  33 yaks
  A vampire (D:9)
  20 tarantellas
  4 wraiths
  3 wyverns
  3 hungry ghosts
  A fire elemental (Elf:2)
  4 hogs (Lair:4)
  A chaos spawn (Abyss:4)
  14 vampire mosquitoes
  2 humans (Lair:4)
  4 neqoxecs
  A spatial vortex (Abyss:4)
  A steam dragon (D:9)
  4 wargs
  9 swamp worms
  3 insubstantial wisps (Swamp:4)
  24 soldier ants
  An acid dragon (D:12)
  A naga (Abyss:4)
  16 water moccasins
  Duvessa (D:7)
  8 porcupines
  14 swamp drakes
  3 necrophages
  9 sky beasts
  2 ice beasts
  4 black bears
  29 orc warriors
  4 phantoms
  A slave (D:7)
  15 ogres
  A boggart (D:15)
  7 small abominations (Abyss:4)
  14 wolves
  12 centaurs
  10 crocodiles
  Blork the orc (D:4)
  3 big kobolds
  A gnoll sergeant (D:8)
  17 bullfrogs
  A wyvern zombie (D:12)
  7 earth elementals
  6 scorpions
  Dowan (D:7)
  A wyvern skeleton (D:14)
  19 killer bees
  3 howler monkeys
  7 wights
  3 electric eels
  6 bullfrog zombies
  4 centaur zombies
  6 crimson imps
  8 jellies
  6 quasits
  3 hounds
  3 bullfrog skeletons
  5 centaur skeletons
  21 orc priests
  5 iguanas
  16 orc wizards
  31 worker ants
  A hound skeleton (D:8)
  15 gnolls
  2 worker ant zombies
  13 adders
  3 shadow imps
  8 oozes
  An adder zombie (D:8)
  2 adder skeletons
  2 worms
  3 dart slugs
  3 leopard geckos
  88 orcs
  4 giant cockroaches
  4 goblins
  8 hobgoblins
  10 jackals
  4 quokkas
  7 bats
  7 frilled lizards
  A jackal skeleton (D:5)
  38 kobolds
  2 leopard gecko skeletons
  A leopard gecko zombie (D:6)
  6 rats
  2 bushes
  2 crawling corpses (Abyss:4)
  A plant (Lair:4)
1267 creatures vanquished.

Vanquished Creatures (others)
  A deep elf mage (Elf:2)
  2 cyclopes
  A wolf spider (Spider:2)
  A slave (D:7)
  An orc priest (D:7)
  2 orcs (D:7)
  4 jackals (D:7)
  A kobold (D:7)
  13 fungi
  21 plants
  6 toadstools (D:3)
53 creatures vanquished.

Grand Total: 1320 creatures vanquished

Notes
Turn   | Place    | Note
-------+----------+-------------------------------------------
     0 | D:1      | dvd the Demonspawn Fire Elementalist began the quest for
                  | the Orb.
     0 | D:1      | Reached XP level 1. HP: 13/13 MP: 3/3
   574 | D:1      | Gained mutation: You have a pair of small horns on your
                  | head. [demonic ancestry]
   574 | D:1      | Reached XP level 2. HP: 8/19 MP: 0/5
  1066 | D:2      | Found an iron altar of Okawaru.
  1111 | D:2      | Found a shattered altar of Ashenzari.
  1118 | D:2      | Learned a level 2 spell: Throw Flame
  1570 | D:2      | Gained mutation: You have a pair of horns on your head.
                  | [demonic ancestry]
  1570 | D:2      | Reached XP level 3. HP: 24/24 MP: 3/6
  2681 | D:3      | Noticed an ice beast
  2739 | D:3      | Killed an ice beast
  2739 | D:3      | Reached skill level 3 in Spellcasting
  2739 | D:3      | Gained mutation: You are immune to rotting. [demonic
                  | ancestry]
  2739 | D:3      | Reached XP level 4. HP: 14/31 MP: 0/8
  2739 | D:3      | Reached XP level 5. HP: 16/36 MP: 0/9
  2947 | D:3      | Learned a level 4 spell: Sticky Flame
  3358 | D:3      | Reached skill level 1 in Fighting
  3757 | D:3      | Found a stormy altar of Qazlal.
  3942 | D:3      | Reached skill level 1 in Maces & Flails
  4024 | D:3      | Reached XP level 6. HP: 43/43 MP: 5/11
  4419 | D:4      | Found a blossoming altar of Fedhas.
  4584 | D:4      | Found a sparkling altar of Nemelex Xobeh.
  4679 | D:4      | Found Etesur's Antique Weapon Shoppe.
  4716 | D:4      | Found a glowing silver altar of Zin.
  4717 | D:4      | Found an opulent altar of Gozag.
  5051 | D:4      | Gained mutation: You are partially covered in thin metallic
                  | scales. (AC +2) [demonic ancestry]
  5051 | D:4      | Reached XP level 7. HP: 48/48 MP: 3/12
  5176 | D:4      | Found a shadowy altar of Dithmenos.
  5176 | D:4      | Noticed Blork the orc
  5306 | D:4      | Found a deep blue altar of Sif Muna.
  5326 | D:4      | Reached skill level 4 in Spellcasting
  6413 | D:5      | Entered Level 5 of the Dungeon
  6493 | D:5      | Found a white marble altar of Elyvilon.
  6880 | D:5      | HP: 1/49 [orc priest/divine providence (12)]
  6885 | D:5      | Found a hazy altar of Hepliaklqana.
  7185 | D:5      | Gained mutation: You are mostly covered in thin metallic
                  | scales. (AC +3) [demonic ancestry]
  7185 | D:5      | Reached XP level 8. HP: 38/56 MP: 5/15
  7684 | D:5      | Reached skill level 5 in Spellcasting
  7871 | D:5      | Reached skill level 5 in Fire Magic
  7989 | D:5      | Reached skill level 5 in Conjurations
  8652 | D:6      | Learned a level 5 spell: Fireball
  9711 | D:7      | Found a staircase to the Ecumenical Temple.
  9725 | Temple   | Entered the Ecumenical Temple
  9770 | Temple   | Became a worshipper of Vehumet
  9876 | D:7      | Noticed Dowan
  9914 | D:7      | Noticed Duvessa
  9915 | D:7      | Noticed Joseph
 10102 | D:7      | Noticed Pikel
 10123 | D:7      | Killed Pikel
 10123 | D:7      | Reached skill level 6 in Spellcasting
 10123 | D:7      | Reached XP level 9. HP: 52/62 MP: 7/18
 10286 | D:7      | Killed Dowan
 10504 | D:7      | Killed Joseph
 10547 | D:7      | Killed Duvessa
 10761 | D:7      | Reached * piety under Vehumet
 10761 | D:7      | Offered knowledge of Sting by Vehumet.
 11081 | D:7      | Learned a level 2 spell: Poisonous Vapours
 11706 | D:8      | Reached skill level 1 in Air Magic
 11711 | D:8      | Offered knowledge of Magic Dart by Vehumet.
 11720 | D:8      | Reached ** piety under Vehumet
 11815 | D:8      | Learned a level 1 spell: Magic Dart
 11879 | D:8      | Reached skill level 7 in Spellcasting
 11879 | D:8      | Gained mutation: You may emit foul miasma when damaged in
                  | melee. [demonic ancestry]
 11879 | D:8      | Reached XP level 10. HP: 36/70 MP: 7/20
 12391 | D:8      | Found a snail-covered altar of Cheibriados.
 12605 | D:8      | Found a burning altar of Makhleb.
 13041 | D:9      | Reached skill level 1 in Poison Magic
 13476 | D:9      | Noticed a two-headed ogre
 13501 | D:9      | Killed a two-headed ogre
 13923 | D:9      | Noticed a two-headed ogre
 13929 | D:9      | Killed a two-headed ogre
 13929 | D:9      | Reached skill level 8 in Spellcasting
 14089 | D:9      | Offered knowledge of Dazzling Spray by Vehumet.
 14332 | D:9      | Got a silken robe
 14333 | D:9      | Identified the +2 robe "Wenesay" {Regen+} (You took it off
                  | a vampire on level 9 of the Dungeon)
 14571 | D:9      | Gained mutation: You regenerate a little health from kills.
                  | [demonic ancestry]
 14571 | D:9      | Reached XP level 11. HP: 75/75 MP: 4/23
 14863 | D:10     | Entered Level 10 of the Dungeon
 14966 | D:10     | Learned a level 3 spell: Dazzling Spray
 15015 | D:10     | Noticed buskinjo's ghost (journeyman OpGl)
 15046 | D:10     | Found a runed door.
 15210 | D:10     | Reached *** piety under Vehumet
 15214 | D:10     | Reached skill level 1 in Staves
 15409 | D:10     | Learned a level 4 spell: Olgreb's Toxic Radiance
 15415 | D:10     | Learned a level 5 spell: Venom Bolt
 15700 | D:10     | Found a staircase to the Orcish Mines.
 15709 | D:10     | Noticed an unseen horror
 15711 | D:10     | Killed an unseen horror
 15850 | D:10     | Offered knowledge of Ignite Poison by Vehumet.
 16125 | D:10     | Reached skill level 1 in Hexes
 16136 | D:10     | Found a staircase to the Lair.
 16139 | D:10     | Reached skill level 9 in Spellcasting
 16307 | Lair:1   | Entered Level 1 of the Lair of Beasts
 16337 | Lair:1   | Learned a level 3 spell: Ignite Poison
 16461 | Lair:1   | Found a basalt altar of Yredelemnul.
 16461 | Lair:1   | Noticed an oklob plant
 16829 | Lair:1   | Killed an oklob plant
 17026 | Lair:2   | Reached **** piety under Vehumet
 17032 | Lair:2   | Offered knowledge of Lee's Rapid Deconstruction by Vehumet.
 17220 | Lair:2   | Noticed a seven-headed hydra
 17228 | Lair:2   | Reached skill level 5 in Stealth
 17236 | Lair:2   | Killed a seven-headed hydra
 17236 | Lair:2   | Reached skill level 1 in Evocations
 17484 | Lair:2   | Found a staircase to the Swamp.
 17502 | Lair:2   | Noticed a six-headed hydra
 17606 | Lair:2   | Got a scorched falchion
 17607 | Lair:2   | Identified the +1 falchion "Dragonslayer" {flame, +Rage
                  | +Fly rElec} (You found it on level 2 of the Lair of Beasts)
 17624 | Lair:2   | Killed a six-headed hydra
 17624 | Lair:2   | Gained mutation: You are completely covered in thin
                  | metallic scales. (AC +4, rElec) [demonic ancestry]
 17624 | Lair:2   | Reached XP level 12. HP: 76/83 MP: 5/25
 18095 | Lair:3   | Noticed a six-headed hydra
 18107 | Lair:3   | Killed a six-headed hydra
 18216 | Lair:3   | Found a bloodstained altar of Trog.
 18276 | Lair:3   | Identified a scroll of acquirement
 18330 | Lair:3   | Noticed a queen ant
 18338 | Lair:3   | Killed a queen ant
 18338 | Lair:3   | Reached skill level 1 in Transmutations
 18479 | Lair:3   | Reached skill level 10 in Spellcasting
 18568 | Lair:3   | Reached ***** piety under Vehumet
 18571 | Lair:3   | Reached skill level 5 in Poison Magic
 18635 | Lair:3   | Offered knowledge of Bolt of Fire by Vehumet.
 19202 | Lair:3   | Found a hole to the Spider Nest.
 19832 | Lair:4   | Reached skill level 11 in Spellcasting
 19841 | Lair:4   | Learned a level 6 spell: Bolt of Fire
 20028 | Lair:4   | Noticed Kirke
 20031 | Lair:4   | Reached XP level 13. HP: 90/90 MP: 28/28
 20038 | Lair:4   | Killed Kirke
 22375 | Lair:6   | Entered Level 6 of the Lair of Beasts
 22494 | Lair:6   | Offered knowledge of Lightning Bolt by Vehumet.
 22681 | Lair:6   | Reached skill level 5 in Fighting
 22682 | Lair:6   | Reached skill level 5 in Dodging
 22685 | Lair:6   | Reached skill level 12 in Spellcasting
 23224 | Lair:6   | Gained mutation: You have a pair of large horns on your
                  | head. [demonic ancestry]
 23224 | Lair:6   | Reached XP level 14. HP: 70/98 MP: 12/30
 23366 | Lair:6   | Found a staircase to the Slime Pits.
 23662 | Lair:6   | Got a translucent ring mail
 23673 | Lair:6   | Identified the +1 ring mail of Limitation {rC+++ MR- Str+4
                  | Int+3} (You found it on level 6 of the Lair of Beasts)
 24361 | Lair:6   | Found a sacrificial altar of Ru.
 24368 | Lair:6   | Learned a level 5 spell: Lightning Bolt
 24404 | Lair:6   | Noticed Snorg
 24428 | Lair:6   | Killed Snorg
 24743 | D:10     | Killed buskinjo's ghost
 24861 | Orc:1    | Entered Level 1 of the Orcish Mines
 25035 | Orc:2    | Entered Level 2 of the Orcish Mines
 25035 | Orc:2    | Noticed Rupert
 25050 | D:10     | Killed Rupert
 25050 | D:10     | Reached skill level 1 in Armour
 25050 | D:10     | Reached skill level 10 in Fire Magic
 25568 | Orc:2    | Found a staircase to the Elven Halls.
 25797 | Orc:2    | Found a roughly hewn altar of Beogh.
 25916 | Orc:2    | Offered knowledge of Iron Shot by Vehumet.
 26023 | Orc:2    | Found a roughly hewn altar of Beogh.
 26030 | Orc:2    | Found Ucegepp's Jewellery Shoppe.
 26055 | Orc:2    | Bought the ring "Noneokhli" {MR+ Int+2 Dex+4} for 579 gold
                  | pieces
 26055 | Orc:2    | Bought a +3 amulet of reflection for 204 gold pieces
 26147 | Orc:2    | Noticed an orc warlord
 26301 | Orc:2    | Killed an orc warlord
 26301 | Orc:2    | Reached skill level 13 in Spellcasting
 26301 | Orc:2    | Reached skill level 10 in Conjurations
 26471 | Orc:2    | Found a roughly hewn altar of Beogh.
 26545 | Orc:2    | Found a roughly hewn altar of Beogh.
 26584 | Orc:2    | Found a roughly hewn altar of Beogh.
 26622 | Orc:2    | Found a roughly hewn altar of Beogh.
 26734 | Orc:2    | Found Giarhog's Antique Armour Emporium.
 26735 | Orc:2    | Found a roughly hewn altar of Beogh.
 26742 | Orc:2    | Found Fowoaligg's Antique Weapon Shoppe.
 26796 | Orc:2    | Found Noryobb's Armour Shop.
 26838 | Orc:2    | Bought a dazzling morningstar for 297 gold pieces
 26838 | Orc:2    | Identified the +9 morningstar of Cobwebs {venom, *Drain
                  | +Blink Str+2} (You bought it in a shop on level 2 of the
                  | Orcish Mines)
 27519 | D:11     | Reached skill level 5 in Maces & Flails
 27625 | D:11     | Reached ****** piety under Vehumet
 27827 | D:11     | Found a transporter.
 27830 | D:11     | Noticed Oddysee's ghost (journeyman DsFi)
 27903 | D:11     | Found a transporter.
 27950 | D:11     | Found Butret's Gadget Boutique.
 28777 | D:12     | Found Wuitim's Magic Scroll Shop.
 28786 | D:12     | Bought a scroll of amnesia for 56 gold pieces
 28786 | D:12     | Bought a scroll of amnesia for 56 gold pieces
 28786 | D:12     | Bought a scroll of amnesia for 56 gold pieces
 28866 | D:12     | Reached XP level 15. HP: 104/104 MP: 31/32
 29057 | D:12     | Offered knowledge of Bolt of Magma by Vehumet.
 29417 | D:12     | Noticed a fire giant
 29463 | D:11     | Learned a level 3 spell: Regeneration
 29555 | D:12     | Killed a fire giant
 29980 | D:12     | Reached skill level 10 in Poison Magic
 30413 | D:13     | Noticed Josephine
 30418 | D:13     | Killed Josephine
 30652 | D:13     | Reached skill level 1 in Shields
 31105 | D:11     | Gained mutation: Your natural rate of healing is unusually
                  | fast. [a neqoxec]
 31128 | D:11     | Killed Oddysee's ghost
 31314 | D:4      | Killed Blork the orc
 31814 | D:14     | Found a gate to the Vaults.
 32062 | D:14     | Offered knowledge of Bolt of Cold by Vehumet.
 32472 | D:14     | Identified the cursed +1 flail of Jashoe {chaos, +Inv
                  | Stlth+} (You found it on level 14 of the Dungeon)
 32630 | D:14     | Identified the cursed +0 dagger "Hilioruf" {venom, MR+}
                  | (You found it on level 14 of the Dungeon)
 32699 | D:15     | Entered Level 15 of the Dungeon
 32848 | D:15     | Reached skill level 1 in Necromancy
 33320 | D:15     | Found a deep blue altar of Sif Muna.
 33865 | D:15     | Found a staircase to the Depths.
 33870 | D:15     | Reached skill level 1 in Charms
 34280 | Spider:1 | Entered Level 1 of the Spider Nest
 34523 | Spider:1 | Reached skill level 14 in Spellcasting
 34751 | Spider:1 | Reached XP level 16. HP: 108/111 MP: 34/34
 35406 | Spider:2 | Offered knowledge of Ozocubu's Refrigeration by Vehumet.
 36566 | Spider:3 | Offered knowledge of Spellforged Servitor by Vehumet.
 37581 | Spider:4 | Entered Level 4 of the Spider Nest
 37604 | Spider:4 | Noticed Nikola
 37614 | Spider:4 | Killed Nikola
 37614 | Spider:4 | Reached skill level 5 in Transmutations
 38351 | Spider:4 | Gained mutation: You frequently emit foul miasma when
                  | damaged in melee. [demonic ancestry]
 38351 | Spider:4 | Reached XP level 17. HP: 118/118 MP: 12/35
 38531 | Spider:4 | Offered knowledge of Fire Storm by Vehumet.
 38531 | Spider:4 | Offered knowledge of Glaciate by Vehumet.
 38531 | Spider:4 | Offered knowledge of Chain Lightning by Vehumet.
 39144 | Spider:4 | Got a gossamer rune of Zot
 39388 | Swamp:1  | Entered Level 1 of the Swamp
 39406 | Lair:2   | Reached skill level 15 in Spellcasting
 39565 | Lair:2   | Learned a level 8 spell: Ignition
 42033 | Swamp:4  | Entered Level 4 of the Swamp
 42497 | Swamp:4  | Got a decaying rune of Zot
 42783 | Elf:1    | Entered Level 1 of the Elven Halls
 42830 | Elf:1    | Reached skill level 10 in Maces & Flails
 43111 | Elf:1    | Found a runed door.
 43111 | Elf:1    | Noticed Baril's ghost (journeyman GrEE)
 43380 | Elf:1    | Gained mutation: You regenerate health from kills. [demonic
                  | ancestry]
 43380 | Elf:1    | Reached XP level 18. HP: 127/127 MP: 37/37
 43380 | Elf:1    | Reached skill level 5 in Armour
 43475 | Elf:1    | Identified the Incunabulum of the Ancient Ships
 43622 | Elf:1    | Found Oduo's Food Shop.
 44087 | Elf:2    | Got a dazzling hand axe
 44088 | Elf:2    | Identified the +4 hand axe of Judgement {elec, Str-2 Dex+3
                  | Stlth+} (You found it on level 2 of the Elven Halls)
 44140 | Elf:2    | Found a ruined gateway.
 44436 | Elf:2    | Reached skill level 5 in Evocations
 44663 | Elf:2    | Found a runed gate.
 44672 | Elf:2    | Found a runed gate.
 44726 | Elf:2    | Found a runed gate.
 45220 | Elf:3    | Entered Level 3 of the Elven Halls
 45653 | Elf:3    | Reached skill level 16 in Spellcasting
 46627 | Elf:3    | Got a slimy quarterstaff {flame}
 46628 | Elf:3    | Identified the cursed +3 quarterstaff "Esiklom" {flame, MR+
                  | Int+3} (You took it off a deep elf high priest on level 3
                  | of the Elven Halls)
 46668 | Elf:3    | Got a heavily runed brass amulet
 46670 | Elf:3    | Identified the amulet "Qigiquuq" {RegenMP *Contam rPois
                  | rN+++ Dex-4} (You took it off a deep elf annihilator on
                  | level 3 of the Elven Halls)
 46776 | Elf:3    | Got a shimmering long sword {freeze}
 46776 | Elf:3    | Got an ichor-stained buckler
 46787 | Elf:3    | Identified the +1 buckler "Nozyzaim" {+Inv} (You took it
                  | off a deep elf annihilator on level 3 of the Elven Halls)
 46812 | Elf:3    | Identified the cursed +1 plate armour "Molunergh" {Int+4}
                  | (You took it off a deep elf high priest on level 3 of the
                  | Elven Halls)
 46813 | Elf:3    | Identified the +8 long sword of Caarriuv {freeze, -Tele
                  | rF++ SInv Stlth+} (You took it off a deep elf annihilator
                  | on level 3 of the Elven Halls)
 46835 | Elf:3    | Learned a level 6 spell: Deflect Missiles
 46908 | Elf:3    | Got a coiled golden ring
 46910 | Elf:3    | Identified the ring "Posuirae" {rElec rF+ rN+ Dex-4} (You
                  | took it off a deep elf annihilator on level 3 of the Elven
                  | Halls)
 46940 | Elf:3    | Cast into level 3 of the Abyss (a deep elf demonologist)
 47002 | Abyss:3  | Noticed an ancient lich
 47053 | Abyss:4  | Gained mutation: You resist negative energy. (rN+) [demonic
                  | ancestry]
 47053 | Abyss:4  | Reached XP level 19. HP: 126/133 MP: 19/39
 47084 | Abyss:4  | Noticed a bone dragon
 47112 | Abyss:4  | Killed a bone dragon
 47150 | Abyss:4  | Gained mutation: You are frail. (-10% HP) [a neqoxec]
 47158 | Abyss:4  | Found a corrupted altar of Lugonu.
 47267 | Abyss:5  | Entered Level 5 of the Abyss
 47294 | Abyss:5  | Found a corrupted altar of Lugonu.
 47329 | Abyss:5  | Found an iron altar of Okawaru.
 47345 | Abyss:5  | Slain by a Hell Sentinel

Skill      XL: |  1  2  3  4  5  6  7  8  9 10 11 12 13 14 15 16 17 18 19 |
---------------+----------------------------------------------------------+-----
Fire Magic     | 3 4 5 6 7 8 9 10 11 12 13 | 13.6
Dodging        | 2 3 4 5 6 |  6.7
Stealth        | 2 3 5 6 |  6.5
Spellcasting   | 3 4 6 7 8 9 11 12 13 14 15 16 | 16.4
Conjurations   | 2 3 4 6 8 9 10 11 | 11.4
Fighting       | 1 2 3 4 5 6 7 |  7.5
Maces & Flails | 1 2 3 4 5 7 9 10 | 10.6
Air Magic      | 1 2 3 4 |  4.1
Poison Magic   | 2 4 6 8 9 10 11 12 | 12.2
Staves         | 3 |  3.6
Hexes          | 1 2 |  2.4
Evocations     | 1 4 5 |  5.0
Transmutations | 1 3 4 5 6 |  6.2
Armour         | 2 3 4 5 |  5.9
Shields        | 3 4 |  4.0
Necromancy     | 1 2 |  2.7
Charms         | 1 2 3 |  3.2
Short Blades   | |  0.1
Throwing       | |  0.6

Action                   |  1- 3 |  4- 6 |  7- 9 | 10-12 | 13-15 | 16-18 | 19-21 || total
-------------------------+-------+-------+-------+-------+-------+-------+-------++-------
Melee: Whip              |    16 |    17 |    89 |    41 |       |       |       ||   163
       Headbutt          |     1 |     7 |    18 |    51 |    58 |   133 |    18 ||   286
       Morningstar       |       |    55 |    50 |       |   183 |   506 |    79 ||   873
       Dagger            |       |       |     3 |     6 |     4 |       |       ||    13
       Staff             |       |       |       |   199 |    60 |       |       ||   259
       Flail             |       |       |       |       |     1 |       |       ||     1
Throw: Tomahawk          |     2 |       |       |       |     1 |       |       ||     3
 Cast: Flame Tongue      |    63 |    66 |   154 |    46 |    30 |     3 |     6 ||   368
       Throw Flame       |    11 |    25 |    51 |    27 |     4 |       |       ||   118
       Sticky Flame      |       |       |    32 |    48 |    54 |    25 |     2 ||   161
       Poisonous Vapours |       |       |    14 |    36 |       |       |       ||    50
       Fireball          |       |       |       |    50 |    66 |   103 |     7 ||   226
       Olgreb's Toxic Ra |       |       |       |    40 |   150 |   144 |     1 ||   335
       Ignite Poison     |       |       |       |    47 |   174 |   224 |     1 ||   446
       Dazzling Spray    |       |       |       |     9 |    12 |    27 |       ||    48
       Venom Bolt        |       |       |       |     8 |    14 |       |       ||    22
       Bolt of Fire      |       |       |       |       |    84 |    94 |     7 ||   185
       Lightning Bolt    |       |       |       |       |    13 |     9 |       ||    22
       Regeneration      |       |       |       |       |    16 |    51 |     4 ||    71
       Ignition          |       |       |       |       |       |     6 |     9 ||    15
 Abil: Evoke Blink       |       |       |       |       |       |    16 |       ||    16
Evoke: Wand              |       |       |    11 |     7 |     3 |    18 |       ||    39
       Crystal ball of e |       |       |       |       |    11 |    14 |       ||    25
  Use: Scroll            |       |       |     7 |    20 |    17 |    26 |     1 ||    71
       Potion            |       |       |       |     4 |     3 |    15 |     7 ||    29
 Stab: Sleeping          |     1 |       |     2 |     2 |     6 |     7 |     1 ||    19
       Paralysed         |       |       |     5 |     5 |       |       |       ||    10
       Invisible         |       |       |       |     1 |       |     6 |       ||     7
  Eat: Chunk             |     7 |     8 |    18 |    40 |    47 |    39 |     2 ||   161
       Ration            |       |       |     3 |     2 |     8 |     7 |     1 ||    21
Armor: Robe              |    10 |    20 |    56 |   111 |    27 |       |       ||   224
       Ring mail         |       |       |       |       |   181 |   386 |    89 ||   656
       Swamp dragon scal |       |       |       |       |       |     1 |       ||     1
Dodge: Dodged            |    28 |    65 |   139 |   228 |   272 |   479 |    91 ||  1302
Block: Other             |       |       |       |       |    17 |       |       ||    17
       Buckler           |       |       |       |       |    97 |   486 |    74 ||   657
       Reflection        |       |       |       |       |     7 |    10 |       ||    17
       Rpst.: Falchion   |       |       |       |     1 |       |       |       ||     1
